 Dungeon Crawl Stone Soup version 0.28.0-47-ge53b351184 (webtiles) character file.

Game seed: 12398146130131026106

24840 Gabide the Thaumaturge (level 12, -41/103 HPs)
             Began as a Mummy Necromancer on Apr 25, 2022.
             Was a High Priest of Ashenzari.
             Killed from afar by a wizard (84 damage)
             ... with a fireball
             ... on level 13 of the Dungeon on Apr 27, 2022.
             The game lasted 01:03:56 (20365 turns).

Gabide the Thaumaturge (Mummy Necromancer)         Turns: 20365, Time: 01:03:56

Health: -41/103    AC: 15    Str: 10 (11) XL:     12   Next: 84%
Magic:  29/31      EV: 21    Int: 18 (19) God:    Ashenzari [*****.]
Gold:   792        SH:  0    Dex: 18 (19) Spells: 28/41 levels left

rFire   x . .      SeeInvis +   e - +1 whip (elec)
rCold   + . .      Faith    .   (no shield)
rNeg    + + +      Spirit   .   h - +2 steam dragon scales "Prophetic Pessimism" {Comp, Alch} (curse)
rPois   ∞          Reflect  .   c - +1 hat "Seer of the Sky" {Comp, Alch} (curse)
rElec   .          Harm     .   d - +2 cloak "Share My Scepticism" {Stlth+, Cun, Comp} (curse)
rCorr   .          Rampage  .   j - +0 pair of gloves of the Wild Blue Yonder {Evo, Bglg} (curse)
Will    ++...      Clarity  +   m - +2 pair of boots "Augurer of the Sphere" {Comp, Cun} (curse)
Stlth   ++++++....              n - amulet "Astrological Fetters" {Regen+, Range, Cun} (curse)
HPRegen 1.07/turn               f - ring "Seer of Ashenzari" {Dex+6, Melee, Bglg} (curse)
MPRegen 0.22/turn               i - ring "Jealousy of the Sphere" {Will+, Self, Bglg} (curse)

@: no status effects
A: cold resistance 1, negative energy resistance 3, torment resistance 2, heat
vulnerability 1, no potions
a: Renounce Religion, Shatter the Chains


You were on level 13 of the Dungeon.
You worshipped Ashenzari.
Ashenzari was extremely pleased with you.
You visited 1 branch of the dungeon, and saw 13 of its levels.
You visited the Abyss 1 time.

You collected 792 gold pieces.

Inventory:

Hand Weapons
 e - a +1 whip of electrocution (weapon)
 p - a +0 battleaxe of flaming
 A - a +4 short sword of flaming
 B - a +0 hand axe of pain
Armour
 c - the cursed +1 hat "Seer of the Sky" (worn) {Comp, Alch}
   (You found it on level 3 of the Dungeon)

   It has a curse which improves the following skills: Companions: Summonings
   and Necromancy.
   Alchemy:   Poison Magic and Transmutations.
 d - the cursed +2 cloak "Share My Scepticism" (worn) {Stlth+, Cun, Comp}
   (You found it on level 13 of the Dungeon)

   It has a curse which improves the following skills: Cunning: Dodging and
   Stealth.
   Companions: Summonings and Necromancy.
 h - the cursed +2 steam dragon scales "Prophetic Pessimism" (worn) {Comp, Alch}
   (You took it off Maggie on level 6 of the Dungeon)

   It has a curse which improves the following skills: Companions: Summonings
   and Necromancy.
   Alchemy:   Poison Magic and Transmutations.
 j - the cursed +0 pair of gloves of the Wild Blue Yonder (worn) {Evo, Bglg}
   (You found it on level 5 of the Dungeon)

   It has a curse which improves the following skills: Evocations: Evocations.
   Beguiling: Conjurations, Hexes and Translocations.
 l - the +1 robe of Xom's Pride {Stlth+}
   (You found it on level 7 of the Dungeon)

   Stlth:     It makes you more stealthy.
 m - the cursed +2 pair of boots "Augurer of the Sphere" (worn) {Comp, Cun}
   (You found it on level 7 of the Dungeon)

   It has a curse which improves the following skills: Companions: Summonings
   and Necromancy.
   Cunning:   Dodging and Stealth.
Jewellery
 f - the cursed ring "Seer of Ashenzari" (left hand) {Dex+6, Melee, Bglg}
   (You found it on level 3 of the Dungeon)

   [ring of dexterity]

   Dex:       It affects your dexterity (+6).
   It has a curse which improves the following skills: Melee Combat: Short
   Blades, Long Blades, Axes, Maces & Flails, Polearms, Staves and Unarmed
   Combat.
   Beguiling: Conjurations, Hexes and Translocations.
 i - the cursed ring "Jealousy of the Sphere" (right hand) {Will+, Self, Bglg}
   (You found it on level 7 of the Dungeon)

   [ring of willpower]

   Will:      It increases your willpower.
   It has a curse which improves the following skills: Introspection: Fighting
   and Spellcasting.
   Beguiling: Conjurations, Hexes and Translocations.
 k - an amulet of guardian spirit
 n - the cursed amulet "Astrological Fetters" (around neck) {Regen+, Range, Cun}
   (You found it on level 7 of the Dungeon)

   [amulet of regeneration]

   Regen:     It increases your rate of health regeneration.
   It has a curse which improves the following skills: Ranged Combat: Slings,
   Bows, Crossbows and Throwing.
   Cunning:   Dodging and Stealth.
 r - a ring of magical power
 s - a +6 ring of intelligence
 t - an amulet of magic regeneration
 v - an amulet of the acrobat
 y - a ring of wizardry
 z - a +6 ring of intelligence
Wands
 w - a wand of polymorph (3)
Scrolls
 a - a scroll of amnesia
 b - 4 scrolls of fear
 g - a scroll of teleportation
 o - 3 scrolls of silence
 q - 2 scrolls of fog
 u - 2 scrolls of magic mapping
Miscellaneous
 x - a phantom mirror


   Skills:
 * Level 10.4(12.7) Fighting
 * Level 8.9(13.4) Dodging
 + Level 6.9(11.4) Stealth
 * Level 12.8(15.0) Spellcasting
 * Level 11.2(16.6) Necromancy


You had 28 spell levels left.
You knew the following spells:

 Your Spells              Type           Power      Damage    Failure   Level
a - Pain                  Necr           100%       1d9       0%          1
b - Vampiric Draining     Necr           65%        2d10      0%          3
c - Animate Dead          Necr           32%        N/A       1%          4
d - Agony                 Necr           65%        N/A       1%          5

Your spell library contained the following spells:

 Spells                   Type           Power      Damage    Failure   Level
 Animate Skeleton         Necr           100%       N/A       0%          1
 Foxfire                  Conj/Fire      56%        2x1d6     4%          1
 Gell's Gravitas          Tloc           15%        N/A       11%         3
 Teleport Other           Tloc           15%        N/A       11%         3
 Conjure Flame            Conj/Fire      14%        6-21      12%         3
 Inner Flame              Hex/Fire       14%        N/A       12%         3
 Flame Wave               Conj/Fire      14%        2d6       38%         4
 Dispersal                Tloc           7%         N/A       99%         6


Dungeon Overview and Level Annotations

Branches:
Dungeon (13/15)            Temple (0/1) D:5            Lair (0/6) D:8
    Orc (0/2) D:12         Vaults (0/5) D:13

Altars:
Ashenzari
Nemelex Xobeh
Uskayaw
Xom

Shops:
D:5 *   D:6 ?

Annotations:
D:3 3 runed translucent doors, 101zpm's ghost, novice GnAE
D:12 2 exclusions


Innate Abilities, Weirdness & Mutations

You are immune to poison.
Your flesh is cold resistant. (rC+)
You are immune to negative energy. (rN+++)
You are immune to unholy pain and torment.
You are vulnerable to heat. (rF-)
You do not drink.


Message History

The chaos spawn misses you.
You hit the chaos spawn.
The chaos spawn is heavily wounded.
The chaos spawn gores you.
You feel your power leaking away.
You hit the chaos spawn.
The chaos spawn is severely wounded.
The chaos spawn gores you! The chaos spawn freezes you. You resist.
You hit the chaos spawn. Your punch misses the chaos spawn.
The chaos spawn is severely wounded.
The chaos spawn gores you. The chaos spawn sears you!
You hit the chaos spawn but do no damage.
Lightning courses through the chaos spawn!
You kill the chaos spawn!
That felt strangely unrewarding.
The chaos spawn degenerates into a cloud of primal chaos!
The wretched star glows turbulently.
The lance of force misses you.
Really walk into that cloud of seething chaos?
You are engulfed in seething chaos.
The wretched star glows turbulently.
The lance of force hits you!!
You are knocked back by the lance of force.
You slam into the stone wall!
There is a gateway leading out of the Abyss here.
You are engulfed in seething chaos.
You suddenly lose the ability to move!
The wretched star pulses with an eldritch light!
Your body decomposes!
You feel weakened.
You can move again.
You pass through the gate.
Welcome back to the Dungeon!
There is an open gate here.
The wizard casts a spell.
The wizard flickers and vanishes for a moment.
The wizard gestures at you while chanting.
The fireball explodes!
The fireball engulfs you!!!! The fire burns you terribly!
Ouch! That really hurt!
You die...

........[................##.....#
................................#
.............(..................#
.?.≈.............................
#.≈≈....#############............
..≈≈[...#.....#.....#...........#
.≈≈≈....#.....'.....#..##........
≈≈≈.....#..⌠..'(.∩..#...#.......#
≈≈...†..#.....'.@p..#.##..<..<..#
........#..)..#.....#............
........##'''########............
##......#.....#.....#............
#.......#.....'.....#............
........#..⌠..'..⌠..#......####..
........#.....'.....#........##..
...##...#.....#.....#..(......##.
....#...########'''##..........#.


You could see a wizard (empowered, invisible).

Vanquished Creatures
  A boulder beetle (D:12)
  A hydra (D:12)
  A vault guard (D:13)
  5 two-headed ogres
  A deep elf pyromancer (D:12)
  Pikel (D:6)
  3 necromancers (D:13)
  3 ugly things (D:12)
  Maggie (D:6)
  A gargoyle (D:11)
  A komodo dragon (D:8)
  6 trolls
  3 meliai
  A hornet (D:7)
  Grinder (D:6)
  11 slime creatures
  A shadow (D:6)
  2 wyverns
  13 yaks
  2 vampires
  20 humans
  2 wraiths (D:12)
  A steam dragon (D:8)
  A basilisk (D:12)
  A chaos spawn (Abyss:3)
  2 acid dragons (D:11)
  11 orc warriors
  A sky beast (D:7)
  A black bear (D:6)
  A necrophage (D:6)
  3 ogres
  7 centaurs
  A phantom (D:7)
  A kobold brigand (D:9)
  2 bullfrogs (D:7)
  A gnoll sergeant (D:10)
  3 scorpions (D:5)
  A wyvern zombie (D:8)
  5 killer bees (D:10)
  11 wights
  7 howler monkeys
  An electric eel (D:9)
  3 centaur zombies
  6 orc priests
  A gnoll shaman (D:8)
  A hound (D:6)
  2 iguanas (D:6)
  10 orc wizards
  A killer bee zombie (D:7)
  A hound zombie (D:5)
  2 howler monkey skeletons
  11 gnolls
  7 adders
  2 white imps
  An ufetubus (D:5)
  3 worms
  3 dart slugs
  63 orcs
  7 endoplasms
  4 giant cockroaches
  10 goblins
  13 hobgoblins
  3 jackals (D:2)
  5 quokkas
  6 ball pythons
  6 bats
  A frilled lizard (D:2)
  15 kobolds
  4 rats
334 creatures vanquished.

Vanquished Creatures (collateral kills)
  An orc warrior (D:12)
  An ogre (D:5)
  A centaur (D:11)
  An orc priest (D:12)
  An orc (D:12)
5 creatures vanquished.

Vanquished Creatures (others)
  2 trolls (D:12)
  An orc priest (D:12)
  A fungus (D:1)
  3 plants (D:8)
  6 starspawn tentacles (Abyss:3)
13 creatures vanquished.

Grand Total: 352 creatures vanquished

Notes
Turn   | Place    | Note
-------+----------+-------------------------------------------
     0 | D:1      | Gabide the Mummy Necromancer began the quest for the Orb.
     0 | D:1      | Reached XP level 1. HP: 13/13 MP: 4/4
   236 | D:1      | Reached XP level 2. HP: 20/20 MP: 2/5
   452 | D:1      | Found a faded altar of an unknown god.
   471 | D:1      | Prayed at the altar of an unknown god.
   471 | D:1      | Became a worshipper of Ashenzari the Shackled
   514 | D:1      | Reached skill level 3 in Spellcasting
   560 | D:1      | Reached skill level 1 in Fighting
  1297 | D:2      | Reached XP level 3. HP: 26/26 MP: 4/8
  1453 | D:2      | Reached * piety under Ashenzari
  1908 | D:2      | Learned a level 3 spell: Vampiric Draining
  2041 | D:2      | Reached XP level 4. HP: 26/34 MP: 0/10
  2277 | D:3      | Found a runed translucent gate.
  2278 | D:3      | Found a runed translucent gate.
  2278 | D:3      | Found a runed translucent gate.
  2281 | D:3      | Noticed 101zpm's ghost (novice GnAE)
  2682 | D:3      | Reached ** piety under Ashenzari
  2727 | D:3      | Found a sparkling altar of Nemelex Xobeh.
  3185 | D:4      | Reached skill level 4 in Spellcasting
  3185 | D:4      | Reached XP level 5. HP: 41/41 MP: 10/12
  3437 | D:4      | Learned a level 4 spell: Animate Dead
  4242 | D:4      | Noticed an ogre
  4252 | D:4      | Killed an ogre
  4475 | D:5      | Entered Level 5 of the Dungeon
  4475 | D:5      | Found Qekhlupn's Mayhem Merchandise.
  4481 | D:5      | Reached XP level 6. HP: 47/48 MP: 14/14
  4498 | D:5      | Learned a level 5 spell: Agony
  4511 | D:5      | Reached *** piety under Ashenzari
  4654 | D:5      | Reached skill level 5 in Necromancy
  5093 | D:5      | Reached skill level 5 in Spellcasting
  5156 | D:5      | Found a staircase to the Ecumenical Temple.
  5222 | D:5      | Reached XP level 7. HP: 55/55 MP: 13/17
  5675 | D:6      | Noticed Maggie
  5935 | D:6      | Killed Maggie
  5936 | D:6      | Reached skill level 6 in Spellcasting
  6091 | D:6      | Noticed a shadow
  6101 | D:6      | Killed a shadow
  6102 | D:6      | Reached XP level 8. HP: 46/61 MP: 17/17
  6358 | D:6      | Noticed Grinder
  6359 | D:6      | Paralysed by Grinder for 5 turns
  6370 | D:6      | Killed Grinder
  6712 | D:6      | Noticed Pikel
  6719 | D:6      | Killed Pikel
  6720 | D:6      | Reached skill level 5 in Fighting
  6720 | D:6      | Reached skill level 7 in Spellcasting
  6720 | D:6      | Reached XP level 9. HP: 68/68 MP: 12/19
  7361 | D:6      | Found Heucvure's Magic Scroll Emporium.
  7700 | D:7      | Identified the +1 robe of Xom's Pride {Stlth+}
  7786 | D:7      | Reached skill level 5 in Dodging
  7915 | D:7      | Reached skill level 8 in Spellcasting
  8331 | D:8      | Reached **** piety under Ashenzari
  8399 | D:8      | Reached XP level 10. HP: 66/82 MP: 0/24
  9045 | D:8      | Noticed a two-headed ogre
  9052 | D:8      | Killed a two-headed ogre
  9053 | D:8      | Reached skill level 9 in Spellcasting
  9150 | D:8      | Noticed a two-headed ogre
  9156 | D:8      | Killed a two-headed ogre
  9366 | D:8      | Found a staircase to the Lair.
  9385 | D:8      | Reached skill level 5 in Stealth
 10757 | D:9      | Noticed a two-headed ogre
 10768 | D:9      | Killed a two-headed ogre
 10928 | D:9      | Reached skill level 10 in Spellcasting
 11403 | D:10     | Entered Level 10 of the Dungeon
 11610 | D:10     | Reached XP level 11. HP: 90/90 MP: 20/27
 13075 | D:11     | Reached ***** piety under Ashenzari
 13179 | D:11     | Found a hide-covered altar of Uskayaw.
 13183 | D:11     | Noticed a +0 hand axe
 13183 | D:11     | Noticed a +0 hand axe
 13385 | D:11     | Noticed a two-headed ogre
 13535 | D:11     | Killed a two-headed ogre
 13754 | D:11     | HP: 1/93 [gargoyle/stone arrow (18)]
 14614 | D:10     | Reached skill level 11 in Spellcasting
 16412 | D:12     | Reached skill level 10 in Necromancy
 16523 | D:12     | Noticed a two-headed ogre
 16530 | D:12     | Killed a two-headed ogre
 16629 | D:12     | Noticed a green ugly thing
 16630 | D:12     | Found a shimmering altar of Xom.
 16630 | D:12     | Noticed a deep elf pyromancer
 16824 | D:12     | Noticed a purple ugly thing
 16834 | D:12     | Killed a purple ugly thing
 16930 | D:12     | Noticed a brown ugly thing
 16947 | D:12     | Killed a brown ugly thing
 17483 | D:12     | Reached XP level 12. HP: 100/100 MP: 17/29
 17776 | D:12     | Found a staircase to the Orcish Mines.
 17846 | D:12     | Noticed a boulder beetle
 17868 | D:12     | Killed a boulder beetle
 18090 | D:12     | Noticed a seven-headed hydra
 18104 | D:12     | Killed a seven-headed hydra
 18105 | D:12     | Reached skill level 12 in Spellcasting
 18493 | D:13     | Noticed a vault guard
 18508 | D:13     | Killed a vault guard
 18820 | D:13     | Found a faded altar of an unknown god.
 18959 | D:13     | Reached skill level 10 in Fighting
 20190 | D:13     | Found a gate to the Vaults.
 20200 | D:13     | Cast into level 3 of the Abyss (a wizard)
 20200 | Abyss:3  | Found a snail-covered altar of Cheibriados.
 20293 | Abyss:3  | Noticed a tentacled starspawn
 20297 | Abyss:3  | Noticed a bone dragon
 20358 | Abyss:3  | Paralysed by you for 5 turns
 20363 | D:13     | Escaped the Abyss
 20365 | D:13     | Killed from afar by a wizard

Illustrated notes

Levels and vault maps discovered:
D:1:      dpeg_arrival_court, layout_loops_ring,
          shapermc_ecumenical_altar_acropolis
D:2:      layout_basic
D:3:      layout_loops_cross, nemelex_xobeh_ov_fountains_minmay,
          gammafunk_ghost_split, minmay_goblin_outpost
D:4:      layout_basic, grunt_ministairs_7, kennysheep_nondescript
D:5:      layout_rooms, minmay_temple_entry_waves, minmay_shop_mayhem
D:6:      layout_loops_ring, serial_shops, kennysheep_little_box,
          grunt_decor_clamped, uniq_grinder, uniq_maggie, uniq_pikel
D:7:      layout_gridville
D:8:      layout_rooms, david_lair_shrubbed, special_room [special_room_orc],
          chequers_hall_statues_y, kennysheep_generic_room_8
D:9:      layout_roguey, serial_bayou_ford_a
D:10:     layout_roguey
D:11:     layout_grid_maze, dancing_weapons_uskayaw
D:12:     layout_irregular_city, david_orc_4, xom_confusion_cloud
D:13:     layout_cave_pools, grunt_vaults_entry_tiered, serial_column_ruins,
          column_ruins_hut_pillars, column_ruins_temple_circle,
          column_ruins_open_small, column_ruins_columns_straight,
          column_ruins_open_tiny, column_ruins_grid_3, column_ruins_grid_1,
          column_ruins_open_tiny_water, gauntlet_entry_generic

Skill      XL: |  1  2  3  4  5  6  7  8  9 10 11 12 |
---------------+-------------------------------------+-----
Spellcasting   | 3 4 5 6 7 8 10 11 12 | 12.8
Fighting       | 1 2 3 4 5 6 7 9 10 | 10.4
Dodging        | 2 3 4 5 6 7 8 |  8.9
Stealth        | 2 3 4 5 6 |  6.9
Necromancy     | 5 6 7 9 10 11 | 11.2

Action                   |  1- 3 |  4- 6 |  7- 9 | 10-12 || total
-------------------------+-------+-------+-------+-------++-------
Melee: Unarmed           |     6 |       |       |       ||     6
       Morningstar       |     5 |    26 |    72 |   257 ||   360
       Punch             |       |       |     1 |    10 ||    11
       Hand axe          |       |       |       |    82 ||    82
       Whip              |       |       |       |     9 ||     9
Throw: Throwing net      |       |       |       |     6 ||     6
 Cast: Pain              |    87 |   108 |    88 |   139 ||   422
       Vampiric Draining |       |     5 |    38 |   259 ||   302
       Agony             |       |       |     3 |    47 ||    50
       Animate Dead      |       |       |     4 |     7 ||    11
Invok: Curse Item        |     2 |     3 |     2 |     3 ||    10
       Shatter the Chain |       |       |     1 |     1 ||     2
Evoke: Wand              |       |     1 |     7 |    14 ||    22
  Use: Scroll            |       |     1 |     5 |     7 ||    13
 Stab: Distracted        |       |     1 |       |     3 ||     4
       Sleeping          |       |       |     1 |     2 ||     3
Armor: Robe              |     7 |     5 |     2 |       ||    14
       Steam dragon scal |       |       |    29 |   241 ||   270
Dodge: Dodged            |    19 |    22 |    86 |   801 ||   928
